 Dungeon Crawl Stone Soup version 0.24.0-123-gd5b16e6ec5 (webtiles) character file.

Game seed: 5325671515254083170, levelgen mode: deterministic

8320 soupsoups the Basher (level 11, -1/101 HPs)
             Began as a Minotaur Berserker on Dec 24, 2019.
             Was an Elder of Trog.
             Slain by an ice devil (13 damage)
             ... in an ice cave on Dec 26, 2019.
             The game lasted 00:44:52 (10435 turns).

soupsoups the Basher (Minotaur Berserker)          Turns: 10435, Time: 00:44:53

Health: -1/101     AC: 15    Str: 29    XL:     11   Next: 8%
Magic:  10/10      EV:  8    Int:  6    God:    Trog [****..]
Gold:   291        SH:  0    Dex:  9    Spells: 10/10 levels left

rFire    . . .     SeeInvis .   B - +1 dire flail (crush)
rCold    . . .     Gourm    +   (shield currently unavailable)
rNeg     . . .     Faith    .   t - +0 chain mail
rPois    .         Spirit   .   (helmet restricted)
rElec    .         Reflect  .   s - +0 cloak
rCorr    .         Harm     .   G - +2 pair of gloves
MR       .....                  y - +2 pair of boots
Stlth    ..........             L - amulet of the gourmand
HPRegen  0.26/turn              E - +3 ring of strength
MPRegen  0.12/turn              l - ring of flight

@: extremely drained
A: retaliatory headbutt, fangs 1, horns 2, clever 1, subdued magic 1
a: Berserk, Trog's Hand, Brothers in Arms, Renounce Religion, Evoke Flight


You were in an ice cave.
You worshipped Trog.
Trog was greatly pleased with you.
You were near starving.

You visited 1 branch of the dungeon, and saw 11 of its levels.
You also visited: Ossuary and Ice Cave.

You collected 526 gold pieces.
You spent 235 gold pieces at shops.

Inventory:

Hand Weapons
 A - a +1 morningstar
 B - a +1 dire flail of crushing (weapon)
Missiles
 a - 11 boomerangs (quivered)
Armour
 s - a +0 cloak (worn)
 t - a +0 chain mail (worn)
 y - a +2 pair of boots (worn)
 G - a +2 pair of gloves (worn)
Jewellery
 h - an uncursed ring of positive energy
 l - a ring of flight (right hand)
 m - an uncursed amulet of rage
 r - an uncursed ring of protection from magic
 D - an uncursed ring of see invisible
 E - a +3 ring of strength (left hand)
 I - a +5 ring of evasion
 L - an amulet of the gourmand (around neck)
Wands
 p - a wand of flame (27)
 q - a wand of digging (5)
 v - a wand of acid (8)
 C - a wand of clouds (6)
Scrolls
 b - 3 scrolls of amnesia
 d - 3 scrolls of remove curse
 f - 8 scrolls of teleportation
 j - a scroll of enchant weapon
 u - 2 scrolls of fog
 F - a scroll of fear
 H - a scroll of enchant armour
Potions
 e - 9 potions of curing
 g - 2 potions of heal wounds
 i - a potion of berserk rage
 k - 5 potions of cancellation
 n - a potion of agility
 o - 2 potions of ambrosia
 w - 3 potions of magic
 x - 2 potions of brilliance
 z - a potion of invisibility
 J - 2 potions of flight
 K - a potion of lignification {unknown}
Comestibles
 c - 8 rations


   Skills:
 + Level 10.8(1.3) Fighting
 * Level 14.3(3.9) Maces & Flails
 + Level 10.5(1.0) Armour
 - Level 2.1(0.0) Dodging


You had 10 spell levels left.
You didn't know any spells.
Your spell library was empty.

Dungeon Overview and Level Annotations

Branches:
Dungeon (11/15)            Temple (0/1) D:4            Lair (0/6) D:10
Ossuary (visited)           IceCv (1/1)
    Orc: D:9-12

Altars:
Dithmenos
Fedhas
Gozag
Hepliaklqana
Okawaru
Qazlal
Xom
Yredelemnul

Shops:
D:4 (   D:8 =

Annotations:
D:3 !phantom parked


Innate Abilities, Weirdness & Mutations

You reflexively headbutt those who attack you in melee.
You have a pair of horns on your head.
You have very sharp teeth.
Your mind is acute. (Int +2)
Your spells are a little easier to cast, but a little less powerful.


Message History

You hit the ice devil but do no damage.
The ice devil is heavily wounded.
The ice devil hits you! The ice devil freezes you!
The ice devil closely misses you.
You barely miss the ice devil.
You headbutt the ice devil, but do no damage.
The ice devil is heavily wounded.
The ice devil hits you. The ice devil freezes you!!
* * * LOW HITPOINT WARNING * * *
You feel much better. The ice devil hits you!
* * * LOW HITPOINT WARNING * * *
The ice devil freezes you!
* * * LOW HITPOINT WARNING * * *
You're too hungry.
You hit the ice devil but do no damage. You headbutt the ice devil.
The ice devil is heavily wounded.
The ice devil hits you!
* * * LOW HITPOINT WARNING * * *
The ice devil freezes you!
You die...

##..#
####...#
##..#..##
##...#..#
#.......#
##..##...#
#...###..#
#..## #.##
#.@# ..#
#.4## ...
§§. ##..#
... §.§.
#..##
.[##4§§
##..# #§§#
#..# #○°#
##.###...#
##..#..#
#....#


You could see an ice devil.

Vanquished Creatures
  Sonja (D:10)
  A centaur zombie (D:8)
  An ice statue (IceCv)
  3 trolls
  Grinder (D:6)
  4 hippogriffs (D:10)
  A wyvern (D:9)
  2 humans (D:7)
  A steam dragon (D:9)
  2 wargs (D:10)
  3 sky beasts
  5 orc warriors
  3 phantoms
  5 ice beasts
  2 necrophages (D:10)
  2 centaurs
  A crocodile (D:7)
  2 bullfrogs (D:10)
  5 elf skeletons (D:6)
  3 scorpions
  3 killer bees (D:9)
  3 howler monkeys (D:9)
  A bullfrog zombie (D:11)
  2 crimson imps
  A quasit (D:6)
  4 hounds
  A jelly (D:7)
  12 orc priests
  4 human skeletons (D:6)
  14 orc wizards
  2 iguanas
  Terence (D:3)
  6 worker ants
  A hound zombie (D:10)
  A hound skeleton (D:9)
  3 mummies (Ossuary)
  3 gnolls (D:10)
  16 adders
  4 shadow imps
  17 white imps
  3 ufetubi (IceCv)
  An ooze (D:3)
  3 adder zombies
  4 worms
  A dart slug (D:1)
  3 leopard geckos
  44 orcs
  8 bats
  4 giant cockroaches
  A gnoll zombie (Ossuary)
  3 goblins
  5 hobgoblins
  2 jackals (D:10)
  2 quokkas
  A ball python skeleton (D:5)
  2 frilled lizards
  4 goblin zombies (Ossuary)
  2 hobgoblin zombies (Ossuary)
  A jackal skeleton (D:7)
  3 kobolds (D:2)
  2 kobold zombies (Ossuary)
  2 orc skeletons (D:6)
  An orc zombie (Ossuary)
  4 quokka zombies (Ossuary)
  4 rats
  2 rat zombies (Ossuary)
259 creatures vanquished.

Vanquished Creatures (collateral kills)
  An ice statue (IceCv)
1 creature vanquished.

Vanquished Creatures (others)
  4 white imps (IceCv)
  7 ufetubi (IceCv)
  2 plants (D:10)
13 creatures vanquished.

Grand Total: 273 creatures vanquished

Notes
Turn   | Place    | Note
-------+----------+-------------------------------------------
     0 | D:1      | soupsoups the Minotaur Berserker began the quest for the
                  | Orb.
     0 | D:1      | Reached XP level 1. HP: 19/19 MP: 0/0
   222 | D:1      | You fall into a shaft and drop 1 floor!
   234 | D:2      | Reached skill level 4 in Maces & Flails
   234 | D:2      | Reached XP level 2. HP: 27/27 MP: 1/1
   658 | D:1      | Reached XP level 3. HP: 27/33 MP: 2/2
  1206 | D:2      | Reached XP level 4. HP: 40/40 MP: 3/3
  1298 | D:2      | Reached skill level 5 in Maces & Flails
  1731 | D:3      | Noticed Terence
  1741 | D:3      | Killed Terence
  1960 | D:3      | Reached ** piety under Trog
  2257 | D:4      | Found Ycapsa's Antique Weapon Shoppe.
  2335 | D:4      | Noticed a phantom
  2496 | D:4      | You fall into a shaft and drop 2 floors!
  2556 | D:6      | Reached XP level 5. HP: 37/47 MP: 4/4
  2568 | D:6      | Reached skill level 6 in Maces & Flails
  2688 | D:6      | Reached skill level 5 in Fighting
  2688 | D:6      | Reached XP level 6. HP: 56/56 MP: 5/5
  2976 | D:6      | Found a sand-covered staircase.
  3013 | D:6      | Reached skill level 7 in Maces & Flails
  3106 | D:6      | Reached XP level 7. HP: 60/62 MP: 6/6
  3118 | Ossuary  | Entered an ossuary
  3122 | Ossuary  | Reached skill level 5 in Armour
  3352 | D:5      | Entered Level 5 of the Dungeon
  3373 | D:5      | Reached *** piety under Trog
  3796 | D:4      | Found a staircase to the Ecumenical Temple.
  4195 | D:5      | Reached skill level 8 in Maces & Flails
  4258 | D:5      | Gained mutation: Scrolls take you a little longer to read.
                  | [mutagenic glow]
  4958 | D:6      | Reached XP level 8. HP: 68/71 MP: 7/7
  4971 | D:6      | Found an opulent altar of Gozag.
  5112 | D:6      | Reached **** piety under Trog
  5116 | D:6      | Found a basalt altar of Yredelemnul.
  5120 | D:6      | Reached skill level 9 in Maces & Flails
  5251 | D:6      | Noticed Grinder
  5261 | D:6      | Killed Grinder
  5573 | D:6      | Reached skill level 10 in Maces & Flails
  5784 | D:7      | Found a blossoming altar of Fedhas.
  6302 | D:7      | Reached XP level 9. HP: 81/81 MP: 8/8
  6378 | D:7      | Found an iron altar of Okawaru.
  6430 | D:8      | Lost mutation: Scrolls take you a little longer to read.
                  | [potion of mutation]
  6430 | D:8      | Gained mutation: Your spells are a little easier to cast,
                  | but a little less powerful. [potion of mutation]
  6430 | D:8      | Gained mutation: You have very sharp teeth. [potion of
                  | mutation]
  6430 | D:8      | Gained mutation: Your mind is acute. (Int +2) [potion of
                  | mutation]
  6565 | D:8      | Reached skill level 11 in Maces & Flails
  6868 | D:8      | Found Noev's Jewellery Shop.
  6877 | D:8      | Bought a +3 ring of strength for 235 gold pieces
  7944 | D:9      | Noticed a troll
  7974 | D:9      | Killed a troll
  7974 | D:9      | Reached skill level 12 in Maces & Flails
  8191 | D:9      | Reached XP level 10. HP: 62/91 MP: 9/9
  8561 | D:9      | Found a shimmering altar of Xom.
  8562 | D:9      | Found a hazy altar of Hepliaklqana.
  8678 | D:9      | Found a stormy altar of Qazlal.
  8678 | D:9      | Found a shadowy altar of Dithmenos.
  8843 | D:10     | Entered Level 10 of the Dungeon
  8936 | D:10     | Reached skill level 13 in Maces & Flails
  8975 | D:10     | Reached ***** piety under Trog
  8999 | D:10     | Reached skill level 10 in Fighting
  9363 | D:10     | Found a staircase to the Lair.
  9391 | D:10     | Reached skill level 10 in Armour
  9580 | D:10     | Noticed Sonja
  9640 | D:10     | Killed Sonja
  9640 | D:10     | Reached skill level 14 in Maces & Flails
  9845 | D:11     | Found a frozen archway.
  9849 | D:11     | Reached XP level 11. HP: 101/101 MP: 10/10
  9940 | IceCv    | Entered an ice cave
 10435 | IceCv    | Slain by an ice devil

Levels and vault maps discovered:
D:1:      lemuel_arrival_funnel, layout_basic, serial_glass, glass_columns_a,
          glass_columns_a
D:2:      layout_loops_ring, first_ration
D:3:      layout_basic, uniq_terence
D:4:      layout_loops_ring, minmay_temple_entry_enclosed_plants, serial_shops,
          kennysheep_mini_moat
D:5:      layout_gridville, minmay_misc_feat_encased, roderic_lattice_a
D:6:      layout_loops_cross, nicolae_ossuary_entry_catacombs, basic_altar,
          nicolae_gozag_cash_rules_everything_around_me, uniq_grinder
D:7:      layout_basic, okawaru_humans, basic_altar
D:8:      layout_basic, serial_shops, nicolae_shop_statue_plus
D:9:      layout_basic, regret_index_temple_of_mockery,
          gammafunk_temple_overflow_elements
D:10:     layout_basic, erik_lair_orcish_takeover, uniq_sonja
D:11:     layout_loops_ring, portal_ice_cave_entry_imps, basic_altar,
          grunt_livestock
IceCv:    ice_cave_small_demon

Skill      XL: |  1  2  3  4  5  6  7  8  9 10 |
---------------+-------------------------------+-----
Maces & Flails | 4 5 6 7 8 10 12 14 | 14.3
Fighting       | 4 5 6 8 9 10 | 10.8
Armour         | 3 4 6 7 9 10 | 10.5
Dodging        | |  2.1

Action                   |  1- 3 |  4- 6 |  7- 9 | 10-12 || total
-------------------------+-------+-------+-------+-------++-------
Melee: Mace              |    42 |   104 |    56 |       ||   202
       Headbutt          |     6 |    23 |    45 |    63 ||   137
       Morningstar       |       |       |   177 |       ||   177
       Dire flail        |       |       |    75 |   271 ||   346
       Bite              |       |       |    15 |    26 ||    41
Throw: Boomerang         |       |       |       |     4 ||     4
Invok: Berserk           |     3 |     1 |     7 |     5 ||    16
       Trog's Hand       |       |       |     2 |     2 ||     4
       Brothers in Arms  |       |       |       |     3 ||     3
Evoke: Wand              |       |       |    14 |    10 ||    24
  Use: Scroll            |       |       |    25 |     3 ||    28
       Potion            |       |       |     2 |     3 ||     5
  Eat: Chunk             |     3 |     6 |    15 |     6 ||    30
       Ration            |       |       |     3 |     2 ||     5
Armor: Animal skin       |     2 |       |       |       ||     2
       Ring mail         |     4 |    27 |    27 |       ||    58
       Chain mail        |       |       |   105 |   220 ||   325
Dodge: Dodged            |    34 |    28 |   119 |   149 ||   330
